 Dungeon Crawl Stone Soup version 0.23.2-11-gf996548c65 (webtiles) character file.

Game seed: 5333436446047657246

508 MalarOregon the Ruffian (level 7, 0/57 (58) HPs)
             Began as a Ghoul Warper on June 4, 2019.
             Killed by divine providence
             ... invoked by an orc priest
              (11 damage)
             ... on level 4 of the Dungeon.
             The game lasted 00:11:45 (4584 turns).

MalarOregon the Ruffian (Ghoul Warper)              Turns: 4584, Time: 00:11:46

HP:   0/57 (58)     AC:  4    Str: 15    XL:     7   Next: 18%
MP:   10/10         EV: 12    Int:  9    God:
Gold: 191           SH:  0    Dex:  9    Spells: 7/11 levels left

rFire    . . .     SeeInvis .     - Unarmed
rCold    + . .     Gourm    .   (no shield)
rNeg     + + +     Faith    .   a - +1 leather armour
rPois    ∞         Spirit   .   (no helmet)
rElec    .         Reflect  .   (no cloak)
rCorr    .         Harm     .   (no gloves)
MR       .....                  (no boots)
Stlth    +.........             (no amulet)
HPRegen  0.00/turn              (no ring)
MPRegen  0.12/turn              (no ring)

@: rotting
A: rotting body, claws 1, carnivore, cold resistance 1, negative energy
resistance 3, inhibited regeneration, torment resistance, unbreathing
a: no special abilities


You were on level 4 of the Dungeon.
You were not hungry.

You visited 1 branch of the dungeon, and saw 4 of its levels.

You collected 191 gold pieces.

Inventory:

Hand Weapons
 w - a +1 dagger of venom
   (You found it on level 3 of the Dungeon)
Missiles
 d - 5 tomahawks of dispersal (quivered) {!f}
 l - 12 poisoned needles
Armour
 a - a +1 leather armour (worn)
Scrolls
 b - a scroll of identify {@r1}
 f - a scroll of enchant armour
 g - a scroll of remove curse {@r2}
 m - 2 scrolls of teleportation {@r4}
Potions
 h - a potion of brilliance
Comestibles
 e - 7 rations {!d}


   Skills:
 + Level 3.6 Fighting
 + Level 2.5 Throwing
 + Level 2.4 Armour
 + Level 2.9 Dodging
 * Level 4.8 Unarmed Combat
 + Level 2.8 Spellcasting
 - Level 2.6 Translocations


You had 7 spell levels left.
You knew the following spells:

 Your Spells              Type           Power        Failure   Level  Hunger
b - Blink                 Tloc           N/A          19%         2    ###....
q - Shroud of Golubria    Chrm/Tloc      #.........   32%         2    ###....

Your spell library contained the following spells:

 Spells                   Type           Power        Failure   Level  Hunger
 Gell's Gravitas          Tloc           #.........   36%         3    ####...
 Lesser Beckoning         Tloc           #.........   36%         3    ####...
 Teleport Other           Tloc           #.......     36%         3    ####...
 Passage of Golubria      Tloc           N/A          77%         4    #####..


Dungeon Overview and Level Annotations

Branches:
Dungeon (4/15)
 Temple: D:4-7

Altars:
Fedhas

Shops:
D:4 *

Annotations:
D:2 1 runed translucent door, Crazy Yiuf
D:4 Dowan


Innate Abilities, Weirdness & Mutations

Your body is rotting away.
You thrive on raw meat.
You are immune to poison.
You have sharp fingernails.
You are carnivorous and can eat meat at any time.
Your flesh is cold resistant. (rC+)
You are immune to negative energy. (rN+++)
You do not regenerate when monsters are visible.
You are immune to unholy pain and torment.
You can survive without breathing.


Message History

There is a stone staircase leading down here.
Unknown command.
Unknown command.
You closely miss the orc wizard. You claw the orc wizard.
The orc wizard hits you with a +0 dagger.
* * * LOW HITPOINT WARNING * * *
You scratch the orc. The orc hits you but does no damage.
The orc wizard hits you with a +0 dagger.
* * * LOW HITPOINT WARNING * * *
You scratch the orc.
You kill the orc!
The orc wizard hits you with a +0 dagger.
* * * LOW HITPOINT WARNING * * *
You claw the orc wizard!
The orc wizard hits you but does no damage.
You barely miss the orc wizard.
The orc wizard gestures at you while chanting.
The magic dart hits you.
* * * LOW HITPOINT WARNING * * *
You claw the orc wizard!
You kill the orc wizard!
Things that are here:
a +0 dagger; a +0 robe There isn't anything to butcher here.
There is a stone staircase leading down here.
There is a stone staircase leading down here.
You climb downwards.
You hear the hiss of flowing sand.
There is an entrance to an ossuary on this level.
Hurry and find it before the portal is buried!
Level annotation: Dowan You hear the brisk hiss of an avalanche of sand nearby.
Found Qeof's Assorted Antiques.
There is a stone staircase leading up here.
Okay, then.
Throwing (i - inventory. (/) - cycle)
n - 3 tomahawks (quivered)
Aim: an orc priest, wearing a +0 leather armour You throw a tomahawk.
The tomahawk hits the orc priest.
Throwing (i - inventory. (/) - cycle)
n - 2 tomahawks (quivered)
Aim: an orc priest, wearing a +0 leather armour (moderately wounded)
You throw a tomahawk. The tomahawk hits the orc priest.
The orc priest calls down the wrath of Beogh upon you.
Beogh smites you!
* * * LOW HITPOINT WARNING * * *
Throwing (i - inventory. (/) - cycle)
n - a tomahawk (quivered)
Aim: an orc priest, wearing a +0 leather armour (heavily wounded)
You throw a tomahawk.
The tomahawk closely misses the orc priest.
The orc priest invokes the aid of Beogh against you.
Beogh smites you!
You die...

####§#
#.#..<....#.#
#e#
#.#.o....## #
#.#
#.###)##.#
#)# ###.###>#
.# #........
........ (#
#.#######
...(.o.#. #.#
#.o#.####.
..# #..#o .#
#.# #@.#. #
.#.
.........# #
# ##...##....
##. #.##.# #
#.# .# #.# #
.∩. #.#


You could see an orc priest.

Vanquished Creatures
  Sigmund (D:3)
  Duvessa (D:4)
  A howler monkey (D:4)
  An orc priest (D:2)
  An orc wizard (D:3)
  3 gnolls
  3 adders
  An ooze (D:2)
  2 worms
  4 dart slugs
  4 leopard geckos
  5 orcs
  5 bats
  3 giant cockroaches
  3 goblins
  5 hobgoblins
  6 jackals
  2 quokkas
  5 frilled lizards
  9 kobolds
  6 rats
71 creatures vanquished.

Notes
Turn   | Place    | Note
-------+----------+-------------------------------------------
     0 | D:1      | MalarOregon the Ghoul Warper began the quest for the Orb.
     0 | D:1      | Reached XP level 1. HP: 17/17 MP: 2/2
   144 | D:1      | Reached skill level 1 in Throwing
   144 | D:1      | Reached skill level 1 in Armour
   145 | D:1      | Reached XP level 2. HP: 19/24 MP: 3/3
   813 | D:1      | Reached XP level 3. HP: 30/30 MP: 5/5
  1039 | D:2      | Reached skill level 3 in Unarmed Combat
  1352 | D:2      | Found a runed translucent door.
  1353 | D:2      | Noticed Crazy Yiuf
  1923 | D:3      | Reached XP level 4. HP: 37/37 MP: 6/6
  1943 | D:3      | Noticed Sigmund
  2197 | D:1      | Learned a level 2 spell: Blink
  2200 | D:1      | Learned a level 2 spell: Shroud of Golubria
  3057 | D:2      | Reached XP level 5. HP: 3/41 MP: 7/7
  4104 | D:3      | Killed Sigmund
  4104 | D:3      | Reached skill level 4 in Unarmed Combat
  4104 | D:3      | Reached XP level 6. HP: 39/51 MP: 8/8
  4322 | D:4      | Noticed Dowan
  4330 | D:4      | Noticed Duvessa
  4353 | D:4      | Killed Duvessa
  4353 | D:4      | Reached XP level 7. HP: 29/57 MP: 8/10
  4424 | D:4      | Found a blossoming altar of Fedhas.
  4581 | D:4      | Found Qeof's Assorted Antiques.
  4584 | D:4      | Killed from afar by an orc priest

Skill      XL: |  1  2  3  4  5 |
---------------+----------------+-----
Throwing       | 1 2 |  2.5
Armour         | 1 2 |  2.4
Spellcasting   | 2 |  2.8
Dodging        | 2 |  2.9
Unarmed Combat | 3 4 |  4.8
Fighting       | 3 |  3.6
Translocations | |  2.6

Action                   |  1- 3 |  4- 6 |  7- 9 || total
-------------------------+-------+-------+-------++-------
Melee: Unarmed           |   150 |   168 |    36 ||   354
       Punch             |       |       |     1 ||     1
Throw: Tomahawk          |     3 |       |     3 ||     6
 Cast: Shroud of Golubri |       |     4 |       ||     4
  Use: Scroll            |       |    11 |     1 ||    12
       Potion            |       |     2 |     1 ||     3
  Eat: Chunk             |     3 |    14 |     1 ||    18
       Ration            |     1 |     1 |       ||     2
Armor: Leather armour    |    36 |    23 |     8 ||    67
Dodge: Dodged            |    75 |    95 |    20 ||   190
